 Dungeon Crawl Stone Soup version 0.21.0-3-g78d12a8 (webtiles) character file.

30 Gorice the Skirmisher (level 3, 0/29 HPs)
             Began as a Demonspawn Wanderer on Jan 13, 2018.
             Slain by a quokka (1 damage)
             ... on level 2 of the Dungeon.
             The game lasted 00:03:09 (864 turns).

Gorice the Skirmisher (Demonspawn Wanderer)          Turns: 864, Time: 00:03:10

Health: 0/29       AC:  3    Str: 15    XL:     3   Next: 5%
Magic:  6/6        EV: 11    Int: 14    God:
Gold:   26         SH:  0    Dex:  9    Spells: 6/6 levels left

rFire    . . .     SeeInvis .     - Unarmed
rCold    . . .     Gourm    .   (no shield)
rNeg     . . .     Faith    .   e - +1 robe
rPois    .         Spirit   .   (helmet restricted)
rElec    .         Reflect  .   (no cloak)
rCorr    .         Harm     .   (no gloves)
MR       .....                  (no boots)
Stlth    ++........             (no amulet)
HPRegen  0.09/turn              (no ring)
MPRegen  0.10/turn              (no ring)

@: no status effects
A: antennae 1, claws 1
a: no special abilities


You were on level 2 of the Dungeon.
You were not hungry.

You visited 1 branch of the dungeon, and saw 2 of its levels.

You collected 26 gold pieces.

Inventory:

Hand Weapons
 a - a +2 dagger
 j - a +0 short sword
Missiles
 Y - 22 stones (quivered)
Armour
 e - a +1 robe (worn)
Potions
 b - a potion of berserk rage
 c - 3 potions of curing
 i - a potion of degeneration {unknown}
Books
 d - the Volume of Contamination

   Spells                             Type                      Level
   a - Sting                          Conjuration/Poison           1
   b - Ignite Poison                  Fire/Transmutation/Poison    3
Comestibles
 f - 2 rations
 h - 4 chunks of flesh


   Skills:
 - Level 3.0 Fighting
 - Level 1.0 Dodging
 - Level 1.7 Stealth
   Level 1.0 Shields
 * Level 1.8 Unarmed Combat
 - Level 2.0 Spellcasting
   Level 1.0 Summonings


You had 6 spell levels left.
You didn't know any spells.

Dungeon Overview and Level Annotations

Branches:
Dungeon (2/15)

Altars:


Innate Abilities, Weirdness & Mutations

You have a pair of small antennae on your head.
You have sharp fingernails.


Message History

You barely miss the kobold.
The kobold is severely wounded.
The kobold hits you with a whip.
Damage: 6 (max 6)
You barely miss the kobold.
The kobold is severely wounded.
The kobold barely misses you.
You closely miss the kobold.
The kobold is severely wounded.
The kobold hits you with a whip.
Damage: 4 (max 6)
You closely miss the kobold.
The kobold is severely wounded.
The kobold hits you with a whip.
Damage: 4 (max 6)
You barely miss the kobold.
The kobold is severely wounded.
The kobold barely misses you.
You completely miss the kobold.
The kobold is severely wounded.
The kobold closely misses you.
You scratch the kobold but do no damage.
The kobold is severely wounded.
The kobold hits you with a whip.
* * * LOW HITPOINT WARNING * * *
Damage: 2 (max 6)
You are too injured to fight recklessly!
You are too injured to fight recklessly!
You barely miss the kobold.
The kobold is severely wounded.
The kobold hits you with a whip.
* * * LOW HITPOINT WARNING * * *
Damage: 5 (max 6)
You miss the kobold.
The kobold is moderately wounded.
The kobold hits you with a whip.
* * * LOW HITPOINT WARNING * * *
Damage: 5 (max 6)
You scratch the kobold.
You kill the kobold!
You barely miss the quokka. The quokka completely misses you.
You scratch the quokka.
The quokka is almost dead.
The quokka bites you.
* * * LOW HITPOINT WARNING * * *
Damage: 2 (max 6)
You scratch the quokka but do no damage.
The quokka is almost dead.
The quokka bites you.
You die...

##### #...
##########.#
......r@...#
.########..#
####..#######
#...........#
#.##<.#####.#
# #..# #..#
#..# #...


You could see a quokka.

Vanquished Creatures
  An ooze (D:1)
  A dart slug (D:1)
  5 bats
  3 giant cockroaches (D:1)
  2 hobgoblins (D:1)
  2 jackals (D:1)
  2 frilled lizards (D:1)
  3 kobolds
  7 rats (D:1)
26 creatures vanquished.

Notes
Turn   | Place    | Note
-------+----------+-------------------------------------------
     0 | D:1      | Gorice the Demonspawn Wanderer began the quest for the Orb.
     0 | D:1      | Gorice set off with: a +2 dagger, a potion of berserk rage, a potion of curing, the Volume of Contamination, a +0 robe, a ration
     0 | D:1      | Reached XP level 1. HP: 15/15 MP: 3/3
     0 | D:1      | Identified the Volume of Contamination
    68 | D:1      | Reached skill level 2 in Fighting
    68 | D:1      | Gained mutation: You have a pair of small antennae on your head. [demonic ancestry]
    68 | D:1      | Reached XP level 2. HP: 21/22 MP: 5/5
   767 | D:1      | Reached skill level 3 in Fighting
   797 | D:1      | Gained mutation: You have sharp fingernails. [demonic ancestry]
   797 | D:1      | Reached XP level 3. HP: 27/29 MP: 6/6
   859 | D:2      | HP: 8/29 [kobold/whip (6)]
   860 | D:2      | HP: 3/29 [kobold/whip (5)]
   863 | D:2      | HP: 1/29 [quokka (2)]
   864 | D:2      | Slain by a quokka

Skill      XL: |  1  2 |
---------------+-------+-----
Fighting       | 2 3 |  3.0
Dodging        | |  1.0
Stealth        | |  1.7
Shields        | |  1.0
Unarmed Combat | |  1.8
Spellcasting   | |  2.0
Summonings     | |  1.0

Action                   || total
-------------------------++-------
Melee: Dagger            ||    74
       Unarmed           ||    19
  Use: Scroll            ||     1
 Stab: Sleeping          ||     4
Armor: Robe              ||    16
Dodge: Dodged            ||    56

Table legend:
 A = Turns spent in this place as a percentage of turns spent in the entire game.
 B = Non-inter-level travel turns spent in this place as a percentage of non-inter-level travel turns spent in the entire game.
 C = Inter-level travel turns spent in this place as a percentage of turns spent in this place.
 D = Turns resting spent in this place as a percentage of non-inter-level travel turns spent in this place.
 E = Turns spent auto-exploring this place as a percentage of non-inter-level travel turns spent in this place.
 F = Non-inter-level travel turns spent in this place divided by the number of levels of this place that you've seen.
                   A       B       C       D       E      F
               +-------+-------+-------+-------+-------+----------------------
         Total | 100.0 | 100.0 |   3.0 |  43.6 |  19.8 | 419.0
       Dungeon | 100.0 | 100.0 |   3.0 |  43.6 |  19.8 | 419.0
               +-------+-------+-------+-------+-------+----------------------

Vault maps used:
D:1:      roderic_chinese_lattice_arrival
D:2:      chequers_ecumenical_altar_lobes, uniq_robin, uniq_crazy_yiuf_cottage,
          uniq_terence
